 Dungeon Sprint DCSS version 0.19-a0-593-gf2cdb02 (webtiles) character file.

908 Kidiri the Thaumaturge (level 7, -1/42 HPs)
             Began as a Deep Elf Fire Elementalist on June 10, 2016.
             Was an Elder of Vehumet.
             Slain by a vault warden
             ... wielding a cursed -2 war axe
              (24 damage)
             ... in the Dungeon (Sprint V: "Ziggurat Sprint").
             The game lasted 00:05:26 (913 turns).

Kidiri the Thaumaturge (Deep Elf Fire Elementalist)  Turns: 913, Time: 00:05:27

Health: -1/42      AC:  5    Str:  8    XL:     7   Next: 81%
Magic:  17/21      EV: 17    Int: 28    God:    Vehumet [****..]
Gold:   0          SH:  9    Dex: 21    Spells: 8 memorised, 2 levels left

rFire  . . .     SeeInvis .     I - +9 quick blade (pierce)
rCold  . . .     Gourm    .     a - +0 robe
rNeg   . . .     Faith    .     J - +3 buckler
rPois  .         Spirit   .     (no helmet)
rElec  .         Dismiss  .     (no cloak)
rCorr  .         Reflect  .     O - +2 pair of gloves {Str+3}
SustAt .         Harm     .     (no boots)
MR     .....     NoTele   +     (no amulet)
Stlth  ++........               A - +6 ring of intelligence
                                y - +6 ring of dexterity

@: not resistant to hostile enchantments, unstealthy
A: no striking features
a: Renounce Religion


You were in the Dungeon.
You worshipped Vehumet.
Vehumet was greatly pleased with you.
You were not hungry.

You visited 1 branch

Inventory:

Hand Weapons
 I - a +9 quick blade of piercing (weapon)
Armour
 a - a +0 robe (worn)
 J - a +3 buckler (worn)
 K - the +18 shield of the Gong {rElec rN+ MR+ EV-5}
   (You found it in the Dungeon)

   It affects your evasion (-5).
   It insulates you from electricity.
   It protects you from negative energy.
   It affects your resistance to hostile enchantments.
 O - a +2 pair of gloves of strength (worn)
Jewellery
 m - the ring of Ystrosetu {+Fly rPois rC+ Slay+3}
   (You found it in the Dungeon)

   [ring of slaying]

   It affects your accuracy and damage with ranged weapons and melee attacks
   (+3).
   It protects you from cold.
   It protects you from poison.
   It lets you fly.
 y - a +6 ring of dexterity (left hand)
 z - a +6 ring of dexterity
 A - a +6 ring of intelligence (right hand)
 B - a +6 ring of intelligence
 C - a +6 ring of strength
 D - a +6 ring of strength
 L - a +6 ring of strength
Wands
 E - a wand of disintegration (7/24)
 F - a wand of iceblast (3/15)
 G - a wand of lightning (4/15)
 H - a wand of acid (5/15)
Scrolls
 i - 4 scrolls of blinking
 p - 4 scrolls of amnesia
 q - 3 scrolls of recharging
 r - 7 scrolls of fog
 s - a scroll of holy word
 t - 5 scrolls of identify
 u - 5 scrolls of remove curse
 v - 2 scrolls of fear
Potions
 d - 6 potions of curing
 e - 10 potions of heal wounds
 f - 6 potions of haste
 g - 6 potions of magic
 h - 3 potions of berserk rage
 j - 2 potions of brilliance
 k - 2 potions of invisibility
 l - 4 potions of resistance
 n - 5 potions of agility
 o - 5 potions of might
Books
 b - the Compendium of Vitriolic Ice
   (You found it in the Dungeon)

   Spells                             Type                      Level
   a - Sting                          Conjuration/Poison           1
   b - Ice Form                       Ice/Transmutation            4
   c - Olgreb's Toxic Radiance        Poison                       4
   d - Venom Bolt                     Conjuration/Poison           5
   e - Simulacrum                     Ice/Necromancy               6
Comestibles
 c - 5 bread rations
 w - 41 fruits
 x - 4 meat rations


   Skills:
 + Level 3.7 Fighting
 + Level 4.7 Short Blades
 + Level 3.9 Armour
 + Level 6.4 Dodging
 - Level 2.4 Stealth
 + Level 3.6 Shields
 * Level 9.4 Spellcasting
 * Level 7.3 Conjurations
 * Level 8.1 Fire Magic
 * Level 4.6 Air Magic
 + Level 5.0 Evocations


You had 2 spell levels left.
You knew the following spells:

 Your Spells              Type           Power        Failure   Level  Hunger
a - Flame Tongue          Conj/Fire      #####        1%          1    None
b - Throw Flame           Conj/Fire      ######       1%          2    None
c - Conjure Flame         Conj/Fire      ######..     1%          3    None
d - Inner Flame           Hex/Fire       #####...     1%          3    None
e - Sticky Flame          Conj/Fire      ######..     1%          4    None
f - Fireball              Conj/Fire      ######....   1%          5    ####...
g - Shock                 Conj/Air       ####         1%          1    None
h - Ignite Poison         Fire/Tmut/Pois ####....     1%          3    None


Dungeon Overview and Level Annotations

Branches:
Dungeon (1/1)

Altars:
Ashenzari
Cheibriados
Dithmenos
Elyvilon
Fedhas
Gozag
Hepliaklqana
Kikubaaqudgha
Makhleb
Nemelex Xobeh
Okawaru
Pakellas
Qazlal
Ru
Sif Muna
Trog
Uskayaw
Vehumet
Xom
Yredelemnul
Zin
The Shining One
Beogh
Jiyva
Lugonu


Message History

Confirm with . or Enter, or press ? or * to list all spells.
Aiming: Fireball
Press: ? - help, Shift-Dir - straight line, f/p - ice dragon
Aim: an ice dragon (severely wounded)
Okay, then.
Unknown command.
Casting: Fireball
Confirm with . or Enter, or press ? or * to list all spells.
Aiming: Sticky Flame
Press: ? - help, Shift-Dir - straight line, f - vault warden, p - ice dragon
Aim: a vault warden, wielding an enchanted war axe, wearing a plate armour and wearing a shield (heavily wounded)
The sticky flame hits the vault warden.
The vault warden appears unharmed.
The vault warden is heavily wounded.
The vault warden is covered in liquid flames!
The vault warden burns!
The ice dragon bites you. The ice dragon barely misses you.
The ice dragon tramples you!
You hold your ground!
The vault warden hits you with an enchanted war axe!!
Ouch! That really hurt!
You die...

▓.....▓.....▓▓▓▓▓▓▓
▓▓▓▓▓▓▓▓▓▓▓▓▓▓▓▓▓▓▓
▓..8©8...▓..8©8...▓
▓...[:...▓..)=|...▓
▓........▓..|.)...▓
▓...:....▓...†C...▓
▓........▓........▓
▓.▓....▓.▓.▓Dp..▓.▓
▓........▓...@....▓
▓▓▓▓▓▓▓▓▓▓▓▓▓▓▓▓▓▓▓


You could see an ice dragon, a vault warden (burning) and a cyclops.

Vanquished Creatures
  A guardian mummy (D)
  A golden eye (D)
  A mottled dragon (D)
  A giant eyeball (D)
  A porcupine (D)
  A boggart (D)
  A jelly (D)
  2 iguanas (D)
  4 mummies (D)
  An ooze (D)
  A ball python zombie (D)
15 creatures vanquished.

Vanquished Creatures (others)
  2 spatial maelstroms (D)
2 creatures vanquished.

Grand Total: 17 creatures vanquished

Notes
Turn   | Place    | Note
--------------------------------------------------------------
     0 | D        | Kidiri the Deep Elf Fire Elementalist began the quest for the Orb.
     0 | D        | Reached XP level 1. HP: 10/10 MP: 6/6
     0 | D        | Found a blossoming altar of Fedhas.
     0 | D        | Found a snail-covered altar of Cheibriados.
     0 | D        | Found a viscous altar of Jiyva.
     0 | D        | Found a roughly hewn altar of Beogh.
     0 | D        | Found a corrupted altar of Lugonu.
     1 | D        | Found a white marble altar of Elyvilon.
     1 | D        | Found a shimmering altar of Xom.
     3 | D        | Found a deep blue altar of Sif Muna.
     3 | D        | Found a burning altar of Makhleb.
     3 | D        | Found a bloodstained altar of Trog.
     3 | D        | Found an iron altar of Okawaru.
     3 | D        | Found a sparkling altar of Nemelex Xobeh.
     3 | D        | Found a radiant altar of Vehumet.
    13 | D        | Banished a spatial maelstrom
    28 | D        | Banished a spatial maelstrom
    64 | D        | Became a worshipper of Vehumet
    65 | D        | Reached skill level 1 in Fighting
    65 | D        | Reached skill level 1 in Short Blades
    65 | D        | Reached skill level 1 in Armour
    65 | D        | Reached skill level 1 in Shields
    65 | D        | Reached skill level 4 in Spellcasting
    65 | D        | Reached XP level 2. HP: 16/16 MP: 6/9
    69 | D        | Learned a level 2 spell: Throw Flame
    94 | D        | Entered arena 1.
    98 | D        | Reached skill level 5 in Spellcasting
   104 | D        | Got the ring of Ystrosetu {+Fly rPois rC+ Slay+3}
   147 | D        | Entered arena 2.
   147 | D        | Noticed a porcupine
   150 | D        | Reached * piety under Vehumet
   150 | D        | Offered knowledge of Shock by Vehumet.
   150 | D        | Reached skill level 5 in Fire Magic
   150 | D        | Reached XP level 3. HP: 21/21 MP: 9/11
   151 | D        | Killed a porcupine
   151 | D        | Reached skill level 6 in Spellcasting
   151 | D        | Reached XP level 4. HP: 10/27 MP: 8/14
   151 | D        | Reached XP level 5. HP: 12/31 MP: 9/16
   152 | D        | Reached skill level 5 in Conjurations
   166 | D        | Learned a level 3 spell: Conjure Flame
   170 | D        | Learned a level 3 spell: Inner Flame
   175 | D        | Learned a level 4 spell: Sticky Flame
   177 | D        | Learned a level 1 spell: Shock
   383 | D        | Entered arena 3.
   383 | D        | Noticed a golden eye
   383 | D        | Noticed a giant eyeball
   396 | D        | Killed a giant eyeball
   396 | D        | Offered knowledge of Sandblast by Vehumet.
   396 | D        | Reached ** piety under Vehumet
   396 | D        | Reached skill level 5 in Dodging
   396 | D        | Reached skill level 7 in Spellcasting
   396 | D        | Reached XP level 6. HP: 36/36 MP: 16/18
   398 | D        | Killed a golden eye
   398 | D        | Reached skill level 8 in Spellcasting
   504 | D        | Learned a level 5 spell: Fireball
   717 | D        | Entered arena 4.
   717 | D        | Noticed a guardian mummy
   718 | D        | Offered knowledge of Stone Arrow by Vehumet.
   718 | D        | Reached *** piety under Vehumet
   721 | D        | Killed a guardian mummy
   721 | D        | Reached skill level 9 in Spellcasting
   721 | D        | Reached XP level 7. HP: 41/41 MP: 1/21
   840 | D        | Identified the Compendium of Vitriolic Ice (You found it in the Dungeon)
   845 | D        | Learned a level 3 spell: Ignite Poison
   848 | D        | Identified the Compendium of Vitriolic Ice (You found it in the Dungeon)
   855 | D        | Identified the Compendium of Vitriolic Ice (You found it in the Dungeon)
   907 | D        | Entered arena 5.
   907 | D        | Noticed a vault warden
   907 | D        | Noticed a cyclops
   907 | D        | Noticed an ice dragon
   909 | D        | Offered knowledge of Dazzling Spray by Vehumet.
   909 | D        | Reached **** piety under Vehumet
   910 | D        | Reached skill level 5 in Evocations
   913 | D        | Slain by a vault warden

Vault maps used:
D:        sprint_v

Skill      XL: |  1  2  3  4  5  6  7 |
---------------+----------------------+-----
Fighting       | 1 2 3 |  3.7
Short Blades   | 1 2 3 4 |  4.7
Armour         | 1 2 3 |  3.9
Dodging        | 3 4 5 6 |  6.4
Shields        | 1 2 3 |  3.6
Spellcasting   | 4 5 6 7 9 |  9.4
Conjurations   | 3 4 5 7 |  7.3
Fire Magic     | 4 5 6 7 8 |  8.1
Evocations     | 2 3 4 5 |  5.0
Air Magic      | 2 4 |  4.6
Stealth        | |  2.4

Action                   |  1- 3 |  4- 6 |  7- 9 || total
-------------------------+-------+-------+-------++-------
 Cast: Flame Tongue      |     6 |     4 |       ||    10
       Inner Flame       |       |     1 |       ||     1
       Fireball          |       |     3 |     4 ||     7
       Sticky Flame      |       |     3 |     1 ||     4
Evoke: Wand              |     2 |     1 |       ||     3
  Use: Potion            |     1 |     4 |     1 ||     6
       Scroll            |       |     5 |     1 ||     6
  Eat: Fruit             |       |       |     1 ||     1
Dodge: Dodged            |     1 |     7 |     3 ||    11
Block: Buckler           |     1 |     2 |     2 ||     5
